 Dungeon Sprint DCSS version 0.20-a0-1122-gb7cbeb9 (webtiles) character file.

806 Leonis the Grappler (level 7, -2/80 HPs)
             Began as a Troll Berserker on May 13, 2017.
             Was an Elder of Trog.
             Shot with an arrow by a centaur warrior (17 damage)
             ... in the Dungeon (Sprint IX: "|||||||||||||||||||||||||||||").
             The game lasted 00:02:24 (184 turns).

Leonis the Grappler (Troll Berserker)                Turns: 184, Time: 00:02:27

Health: -2/80      AC:  7    Str: 31    XL:     7   Next: 60%
Magic:  6/6        EV: 13    Int:  3    God:    Trog [****..]
Gold:   0          SH:  0    Dex:  9    Spells: 6/6 levels left

rFire    . . .     SeeInvis .     - Unarmed
rCold    . . .     Gourm    +   (no shield)
rNeg     . . .     Faith    .   a - +0 animal skin
rPois    .         Spirit   .   (helmet restricted)
rElec    .         Reflect  .   (no cloak)
rCorr    .         Harm     .   (gloves unavailable)
MR       .....     NoTele   +   (boots unavailable)
Stlth    +.........             (no amulet)
Regen    0.7/turn               m - +2 ring of protection
MPRegen  0.1/turn               n - +3 ring of strength

@: no status effects
A: unfitting armour, claws 3, fast metabolism 3, gourmand, regeneration 1,
shaggy fur 1, tough skin 2
a: Berserk, Trog's Hand, Brothers in Arms, Burn Spellbooks, Renounce Religion


You were in the Dungeon.
You worshipped Trog.
Trog was greatly pleased with you.
You were not hungry.

You visited 1 branch

Inventory:

Armour
 a - a +0 animal skin (worn)
Jewellery
 m - a +2 ring of protection (left claw)
 n - a +3 ring of strength (right claw)
Wands
 l - a wand of iceblast (7/15)
Scrolls
 h - 2 scrolls of blinking
 k - 3 scrolls of remove curse
Potions
 c - 5 potions of curing
 d - 3 potions of heal wounds
 e - a potion of haste
 f - 4 potions of magic
 g - a potion of berserk rage
 j - a potion of invisibility
Comestibles
 b - 2 bread rations


   Skills:
 + Level 8.0 Fighting
 + Level 7.6 Dodging
 + Level 11.6 Unarmed Combat


You had 6 spell levels left.
You didn't know any spells.

Dungeon Overview and Level Annotations

Branches:
Dungeon (1/1)

Altars:
Cheibriados
Dithmenos
Elyvilon
Fedhas
Gozag
Hepliaklqana
Kikubaaqudgha
Makhleb
Nemelex Xobeh
Okawaru
Qazlal
Ru
Sif Muna
Trog
Uskayaw
Vehumet
Wu Jian
Xom
Yredelemnul
Zin
The Shining One
Beogh
Jiyva
Lugonu


Innate Abilities, Weirdness & Mutations

You are too large for most types of armour.
You have claws for hands.
Your metabolism is lightning-fast.
You like to eat raw meat.
Your natural rate of healing is unusually fast.
You are covered in fur. (AC +1)
You have very tough skin. (AC +2)


Message History

Your Fighting skill increases to level 8!
The centaur warrior wields a shortbow.
The centaur warrior shoots an arrow.
The arrow hits you!
* * * LOW HITPOINT WARNING * * *
Unknown command.
Your ogre goes berserk!
You feel quite a bit more hungry.
The centaur warrior shoots an arrow.
The arrow hits your ogre!
The centaur warrior shoots an arrow.
The arrow hits your ogre!!
Your ogre hits the centaur warrior with a giant club!!
The centaur warrior shoots an arrow.
The arrow hits your ogre!
Your ogre dies!
Your ogre's corpse disappears in a puff of smoke!
Your two-headed ogre goes berserk!
You feel somewhat more hungry. Trog will no longer gift you weapons.
The centaur warrior shoots an arrow.
The arrow hits you!
* * * LOW HITPOINT WARNING * * *
The centaur warrior shoots an arrow.
The arrow hits you!
You die...

▓.▓
▓.▓
▓o▓
▓c▓
▓H▓
▓c▓
▓§▓
▓@▓
▓.▓
▓O▓
▓.▓
▓.▓
▓)▓
▓%▓
▓.▓
▓.▓


You could see 2 centaur warriors, a manticore, an orc and a friendly two-headed
ogre (berserk).

Vanquished Creatures
  A slime creature (D)
  A hungry ghost (D)
  A sky beast (D)
  3 ogres (D)
  2 crimson imps (D)
  A hound (D)
  A worker ant (D)
  A shadow imp (D)
  An orc (D)
  A bat skeleton (D)
  3 hobgoblins (D)
  2 rats (D)
18 creatures vanquished.

Notes
Turn   | Place    | Note
-------+----------+-------------------------------------------
     0 | D        | Leonis the Troll Berserker began the quest for the Orb.
     0 | D        | Reached XP level 1. HP: 22/22 MP: 0/0
     8 | D        | Reached ** piety under Trog
    23 | D        | Noticed an ogre
    23 | D        | Noticed an ogre
    23 | D        | Noticed a crimson imp
    30 | D        | Killed an ogre
    30 | D        | Reached *** piety under Trog
    30 | D        | Reached skill level 6 in Unarmed Combat
    30 | D        | Reached XP level 2. HP: 25/33 MP: 1/1
    30 | D        | Reached XP level 3. HP: 31/40 MP: 2/2
    30 | D        | Reached XP level 4. HP: 38/49 MP: 3/3
    38 | D        | Killed an ogre
    38 | D        | Reached skill level 5 in Fighting
    38 | D        | Reached skill level 5 in Dodging
    38 | D        | Reached skill level 7 in Unarmed Combat
    38 | D        | Reached XP level 5. HP: 33/58 MP: 4/4
    44 | D        | Reached **** piety under Trog
    44 | D        | Reached skill level 8 in Unarmed Combat
    65 | D        | Found a roughly hewn altar of Beogh.
    65 | D        | Found a snail-covered altar of Cheibriados.
    65 | D        | Found a shadowy altar of Dithmenos.
    65 | D        | Found a white marble altar of Elyvilon.
    65 | D        | Found a blossoming altar of Fedhas.
    65 | D        | Found an opulent altar of Gozag.
    66 | D        | Found a hazy altar of Hepliaklqana.
    67 | D        | Found a viscous altar of Jiyva.
    68 | D        | Found an ancient bone altar of Kikubaaqudgha.
    69 | D        | Found a corrupted altar of Lugonu.
    70 | D        | Found a burning altar of Makhleb.
    71 | D        | Found a sparkling altar of Nemelex Xobeh.
    72 | D        | Found an iron altar of Okawaru.
    73 | D        | Found a stormy altar of Qazlal.
    74 | D        | Found a sacrificial altar of Ru.
    75 | D        | Found a deep blue altar of Sif Muna.
    76 | D        | Found a bloodstained altar of Trog.
    77 | D        | Found a hide-covered altar of Uskayaw.
    78 | D        | Found a radiant altar of Vehumet.
    79 | D        | Found an ornate altar of the Wu Jian Council.
    80 | D        | Found a shimmering altar of Xom.
    81 | D        | Found a basalt altar of Yredelemnul.
    82 | D        | Found a glowing silver altar of Zin.
    83 | D        | Found a glowing golden altar of the Shining One.
   109 | D        | Noticed a hungry ghost
   109 | D        | Noticed a sky beast
   114 | D        | Reached XP level 6. HP: 67/67 MP: 5/5
   119 | D        | Reached skill level 9 in Unarmed Combat
   125 | D        | Killed a sky beast
   125 | D        | Reached ***** piety under Trog
   144 | D        | Killed a hungry ghost
   144 | D        | Reached skill level 10 in Unarmed Combat
   144 | D        | Reached XP level 7. HP: 71/78 MP: 6/6
   166 | D        | Noticed a centaur warrior
   166 | D        | Noticed a manticore
   166 | D        | Noticed a centaur warrior
   166 | D        | Noticed a slime creature
   179 | D        | Killed a slime creature
   179 | D        | Reached skill level 11 in Unarmed Combat
   184 | D        | Shot with an arrow by a centaur warrior

Vault maps used:
D:        linesprint

Skill      XL: |  1  2  3  4  5  6  7 |
---------------+----------------------+-----
Dodging        | 4 5 6 7 |  7.6
Fighting       | 4 5 6 7 8 |  8.0
Unarmed Combat | 6 7 8 10 11 | 11.6

Action                   |  1- 3 |  4- 6 |  7- 9 || total
-------------------------+-------+-------+-------++-------
Melee: Unarmed           |    19 |    46 |    16 ||    81
       Punch             |       |     2 |     1 ||     3
Invok: Berserk           |     1 |       |       ||     1
       Brothers in Arms  |       |       |     2 ||     2
  Eat: Chunk             |       |     7 |     5 ||    12
Armor: Animal skin       |     6 |    10 |       ||    16
Dodge: Dodged            |     4 |    15 |     4 ||    23
